 Dungeon Crawl Stone Soup version 0.28.0-43-g3370ac3207 (webtiles) character file.

Game seed: 18443797213991077887

580 funkygono the Firebug (level 7, 0/37 HPs)
             Began as a Gargoyle Fire Elementalist on Mar 8, 2022.
             Slain by Edmund
             ... wielding a +2 flail of holy wrath
              (7 damage)
             ... on level 5 of the Dungeon.
             The game lasted 00:07:37 (4384 turns).

funkygono the Firebug (Gargoyle Fire Elementalist)  Turns: 4384, Time: 00:07:37

Health: 0/37       AC:  8    Str: 12    XL:     7   Next: 36%
Magic:  0/13       EV: 12    Int: 17    God:
Gold:   196        SH:  0    Dex: 10    Spells: 4/14 levels left

rFire   . . .      SeeInvis .   g - +0 whip
rCold   . . .      Faith    .   (no shield)
rNeg    + . .      Spirit   .   a - +0 robe
rPois   ∞          Reflect  .   k - +0 helmet
rElec   +          Harm     .   (no cloak)
rCorr   .          Rampage  .   b - +0 pair of gloves
Will    .....                   (no boots)
Stlth   ++........              (no amulet)
HPRegen 0.12/turn               (no ring)
MPRegen 0.13/turn               (no ring)

@: no status effects
A: sickness immunity, AC +4, negative energy resistance 1, electricity
resistance, torment resistance 1, petrification resistance
a: no special abilities


You were on level 5 of the Dungeon.
You visited 1 branch of the dungeon, and saw 5 of its levels.

You collected 196 gold pieces.

Inventory:

Hand Weapons
 g - a +0 whip (weapon)
 j - a +0 mace
Missiles
 c - 108 stones
Armour
 a - a +0 robe (worn)
 b - a +0 pair of gloves (worn)
 k - a +0 helmet (worn)
Jewellery
 i - an amulet of guardian spirit
Scrolls
 m - a scroll of fog
Potions
 e - 2 potions of flight
 f - 2 potions of brilliance
 h - 2 potions of magic


   Skills:
 + Level 0.7 Fighting
 + Level 0.2 Maces & Flails
 + Level 1.7 Dodging
 - Level 2.1 Stealth
 * Level 4.3 Spellcasting
 * Level 3.9 Conjurations
 * Level 5.7 Fire Magic


You had 4 spell levels left.
You knew the following spells:

 Your Spells              Type           Power      Damage    Failure   Level
a - Foxfire               Conj/Fire      80%        2x1d8     1%          1
b - Scorch                Fire           46%        2d7       2%          2
c - Conjure Flame         Conj/Fire      20%        6-21      6%          3
d - Flame Wave            Conj/Fire      20%        2d7       21%         4

Your spell library contained the following spells:

 Spells                   Type           Power      Damage    Failure   Level
 Inner Flame              Hex/Fire       13%        N/A       14%         3


Dungeon Overview and Level Annotations

Branches:
Dungeon (5/15)
 Temple: D:4-7

Altars:
Ashenzari

Shops:
D:2 =

Annotations:
D:5 Edmund


Innate Abilities, Weirdness & Mutations

You are immune to sickness and miasma.
Your stone body is resilient. (AC +4)
You are immune to poison.
You resist negative energy. (rN+)
You are resistant to electric shocks. (rElec)
You are resistant to unholy torment.
You are immune to petrification.


Message History

Edmund hits you but does no damage.
Edmund hits you with a +2 flail of holy wrath!
* * * LOW HITPOINT WARNING * * *
Edmund drinks a potion.
Edmund is healed!
There is an open door here.
Casting: Foxfire (safe; 1% risk of failure)
Confirm with . or Enter, or press ? or * to list all spells.
You don't have enough magic to cast this spell.
Edmund clears his throat.
Edmund says, "I might not be good at magic, but I can still kill you!"
There is an open door here.
Things that are here:
a +0 dagger; a +0 robe; an orc corpse
Things that are here:
a +0 dagger; a +0 robe; an orc corpse
Casting: Foxfire (safe; 1% risk of failure)
Confirm with . or Enter, or press ? or * to list all spells.
Flames lash Edmund.
Edmund resists.
Edmund is heavily wounded.
Edmund's fire resistance burns away.
You hear the brisk hiss of an avalanche of sand very nearby.
Casting: Scorch (safe; 2% risk of failure)
Confirm with . or Enter, or press ? or * to list all spells.
Flames lash Edmund.
Edmund is severely wounded.
Edmund says, "People will remember me!
They'll remember me and die!"
Edmund hits you with a +2 flail of holy wrath.
* * * LOW HITPOINT WARNING * * *
Things that are here:
a +0 hand axe; a +0 morningstar; an orc corpse Edmund says, "People accused me of being a cutpurse!"
Edmund clears his throat.
Okay, then.
Edmund is no longer more vulnerable to fire.
Edmund looks rather jealous.
Casting: Scorch (safe; 2% risk of failure)
Confirm with . or Enter, or press ? or * to list all spells.
You conjure some foxfire!
Edmund hits you with a +2 flail of holy wrath!
You die...

#####.### ##.##. #.# #.#
# ####### #.# #.#
.......##.### ##'##
#......# ##...##
#..#.#.## ##.....#
#..#.#..## ##.......
.###..#@#...####........
......v@v......'.....>..
.###..#.#...####........
#.......## ##.......
...##.#### ##.....# ####
#.# ##...##
#.############'##
#.#.....@...##.#
#.#.#######.##.# #.#.#
#.##.##


You could see Edmund (ally target).

Vanquished Creatures
  An ogre (D:3)
  2 scorpions
  A water moccasin skeleton (D:5)
  A hound (D:4)
  An iguana (D:4)
  Natasha (thrice) (D:2)
  2 orc wizards (D:5)
  2 adders
  3 gnolls (D:2)
  An ufetubus (D:4)
  3 worms
  3 dart slugs
  5 orcs
  8 ball pythons
  5 bats
  6 endoplasms
  A giant cockroach (D:2)
  8 goblins
  9 hobgoblins
  11 kobolds
  2 quokkas
  4 frilled lizards
  5 rats
87 creatures vanquished.

Vanquished Creatures (collateral kills)
  2 foxfires (D:3)
2 creatures vanquished.

Vanquished Creatures (others)
  276 foxfires
  5 toadstools (D:5)
281 creatures vanquished.

Grand Total: 370 creatures vanquished

Notes
Turn   | Place    | Note
-------+----------+-------------------------------------------
     0 | D:1      | funkygono the Gargoyle Fire Elementalist began the quest
                  | for the Orb.
     0 | D:1      | Reached XP level 1. HP: 10/10 MP: 3/3
   118 | D:1      | Reached XP level 2. HP: 15/15 MP: 0/5
   223 | D:1      | Learned a level 2 spell: Scorch
   606 | D:1      | Reached XP level 3. HP: 19/19 MP: 2/6
   611 | D:1      | Learned a level 3 spell: Conjure Flame
  1201 | D:2      | Reached skill level 4 in Fire Magic
  1283 | D:2      | Found Yninet's Jewellery Shop.
  1361 | D:2      | Reached XP level 4. HP: 24/24 MP: 4/7
  1367 | D:2      | Noticed Natasha
  1373 | D:2      | Killed Natasha
  1544 | D:2      | Noticed Natasha
  1554 | D:2      | Killed Natasha
  1555 | D:2      | Reached XP level 5. HP: 27/28 MP: 0/9
  1798 | D:2      | Noticed Natasha
  1804 | D:2      | Killed Natasha
  1884 | D:2      | Learned a level 4 spell: Flame Wave
  2185 | D:3      | Noticed an ogre
  2191 | D:3      | Killed an ogre
  2192 | D:3      | Reached XP level 6. HP: 33/33 MP: 2/11
  2717 | D:3      | Found a broken altar of Ashenzari.
  3062 | D:4      | Reached skill level 5 in Fire Magic
  3964 | D:5      | Entered Level 5 of the Dungeon
  4090 | D:5      | Reached XP level 7. HP: 36/37 MP: 3/13
  4315 | D:5      | Noticed Edmund
  4384 | D:5      | Slain by Edmund

Illustrated notes

Levels and vault maps discovered:
D:1:      dpeg_arrival_long_road, layout_rooms
D:2:      layout_rooms, serial_glass, glass_columns_c, glass_columns_a,
          serial_shops, nicolae_shop_trees, uniq_natasha
D:3:      layout_loops_ring, mainiacjoe_overflow_small_starburst, serial_bayou,
          serial_bayou_pond_d, serial_bayou_lake_a, serial_bayou_pond_a,
          serial_bayou_pond_e, chequers_serial_rivers_room_b
D:4:      layout_basic
D:5:      layout_loops_corners, chequers_ossuary_entry_cave, serial_shops, shop,
          minmay_gold_behind_fungi, uniq_menkaure, uniq_edmund, uniq_eustachio

Skill      XL: |  1  2  3  4  5  6 |
---------------+-------------------+-----
Fire Magic     | 4 5 |  5.7
Conjurations   | 2 3 |  3.9
Spellcasting   | 3 4 |  4.3
Fighting       | |  0.7
Maces & Flails | |  0.2
Dodging        | |  1.7
Stealth        | |  2.1

Action                   |  1- 3 |  4- 6 |  7- 9 || total
-------------------------+-------+-------+-------++-------
Melee: Whip              |     6 |     9 |     1 ||    16
 Cast: Foxfire           |    59 |    86 |    17 ||   162
       Scorch            |     1 |    16 |     6 ||    23
       Conjure Flame     |       |       |     1 ||     1
  Use: Scroll            |     2 |     5 |       ||     7
       Potion            |       |       |     1 ||     1
Armor: Robe              |     6 |    12 |     2 ||    20
Dodge: Dodged            |     8 |    14 |     1 ||    23
